Map: World of Sleepers LE

Players

pHARM

  • Race: Zerg Zerg
  • League: Platinum
  • Spawn Location: 7:00

Saskuk - Winner!

  • Race: Protoss Protoss
  • League: Platinum
  • Spawn Location: 1:00

VOD

Have the link to the VOD?

Description

Time

  • Played on: Aug. 26, 2019, 3:58 p.m.
  • Length: 8:04
Show
View Real Time Build Order
Export as new Build Order

pHARM Zerg 

Build Orders: Hatch First 

Get SALT Encoding   

  12  0:01  Drone  
  13  0:14  Drone  
  13  0:16  Overlord  
  14  0:23  Drone, Extractor  
  15  0:36  Drone  
  16  0:56  Drone  
  16  0:57  Drone, Hatchery  
  17  1:07  Drone  
  17  1:10  Drone  
  19  1:25  Spawning Pool  
  18  1:34  Drone x2  
  20  1:41  Drone  
  21  1:53  Drone, Extractor  
  21  2:05  Drone  
  22  2:13  Queen x2  
  22  2:15  Overlord  
  26  2:18  Drone  
  27  2:27  Drone  
  28  2:37  Drone x3  
  29  2:42  Overlord  
  31  2:52  Pneumatized Carapace  
  31  2:56  Drone  
  31  2:57  Drone x2  
  34  3:07  Drone x2  
  34  3:11  Queen  
  38  3:20  Metabolic Boost  
  38  3:22  Overlord  
  38  3:23  Drone  
  38  3:24  Drone x3  
  42  3:30  Drone  
  42  3:31  Drone  
  44  3:42  Extractor  
  44  3:43  Extractor  
  42  3:48  Drone  
  42  3:49  Drone x4  
  47  4:04  Drone x4, Hatchery  
  47  4:05  Drone x2  
  52  4:35  Overlord x4  
  52  5:00  Drone  
  52  5:01  Drone x2  
  55  5:09  Evolution Chamber  
  55  5:10  Roach Warren  
  53  5:16  Lair  
  53  5:39  Evolution Chamber  
  52  6:13  Roach x2  
  52  6:14  Roach x12  
  80  6:21  Hatchery  
  79  6:48  Roach  
  79  6:49  Roach x4  
  79  6:50  Overlord  
  79  6:51  Overlord x4  
  89  7:00  Roach Warren  
  88  7:01  Roach  
  82  7:11  Roach x4  
  82  7:34  Zergling x8  
  82  7:35  Zergling x6  
  89  7:40  Roach  
  89  7:45  Roach x11  
Show
View Real Time Build Order
Export as new Build Order

Saskuk Protoss - Winner!

Build Orders: 1 Gate Expand 

Get SALT Encoding   

  12  0:01  Probe  
  13  0:13  Probe  
  14  0:21  Pylon  
  14  0:23  Probe  
  15  0:35  Probe  
  16  0:45  Gateway, Probe  
  17  0:57  Probe  
  18  1:10  Probe  
  19  1:23  Nexus  
  19  1:37  Probe  
  20  1:45  Cybernetics Core  
  20  1:53  Probe, Assimilator  
  21  1:59  Assimilator  
  21  2:02  Pylon  
  21  2:05  Probe  
  22  2:17  Probe  
  23  2:29  Probe  
  24  2:34  Stalker  
  26  2:41  Probe  
  26  2:42  Gateway  
  27  2:47  Probe  
  28  2:53  Probe  
  29  2:59  Probe  
  29  3:00  Pylon  
  29  3:05  Probe, Robotics Facility  
  31  3:08  Warp Gate  
  31  3:10  Adept  
  31  3:11  Probe  
  34  3:17  Probe  
  35  3:23  Probe  
  35  3:24  Pylon  
  36  3:30  Twilight Council  
  36  3:31  Probe  
  36  3:34  Assimilator  
  37  3:35  Probe  
  38  3:46  Sentry  
  38  3:47  Probe  
  38  3:48  Probe  
  42  4:00  Probe x2  
  42  4:02  Immortal  
  48  4:10  Pylon  
  48  4:11  Resonating Glaives  
  48  4:12  Gateway  
  48  4:29  Probe  
  48  4:30  Probe  
  50  4:38  Sentry  
  52  4:41  Probe  
  52  4:42  Warp Prism  
  53  4:51  Probe  
  56  4:54  Probe  
  56  4:55  Pylon  
  56  4:56  Gateway  
  56  4:59  Gateway  
  57  5:05  Pylon  
  57  5:08  Immortal  
  57  5:13  Adept x2  
  61  5:15  Sentry  
  67  5:35  Stalker x2  
  71  5:46  Gateway  
  71  5:49  Gateway  
  71  5:50  Gateway  
  71  5:52  Gateway  
  71  5:58  Pylon  
  71  6:00  Pylon  
  71  6:02  Pylon  
  71  6:04  Pylon, Sentry x2  
  71  6:05  Sentry  
  71  6:07  Adept x2  
  81  6:22  Probe x2  
  83  6:28  Adept  
  85  6:40  Nexus  
  85  6:46  Adept x2  
  85  6:47  Adept x5  
  95  7:34  Stalker x4  
  95  7:35  Stalker x5  
Tags
 
Add a new tag
Caveats
  • Supply blocks, unpowered buildings, or Contaminate may cause inaccurate times.
  • Supply counts are checked every 10 seconds.